 Dungeon Crawl Stone Soup version 0.29-a0-344-ge2f44be95a (webtiles) character file.

Game seed: 1961555324766226256

67 spaghetti the Gusty (level 4, -2/30 HPs)
             Began as a Human Air Elementalist on Apr 22, 2022.
             Was a Believer of Kikubaaqudgha.
             Killed from afar by an orc wizard (10 damage)
             ... with a puff of flame
             ... on level 3 of the Dungeon.
             The game lasted 00:04:21 (2651 turns).

spaghetti the Gusty (Human Air Elementalist)        Turns: 2651, Time: 00:04:22

Health: -2/30      AC:  2    Str:  8    XL:     4   Next: 38%
Magic:  7/8        EV: 12    Int: 18    God:    Kikubaaqudgha [**....]
Gold:   68         SH:  0    Dex: 13    Spells: 1/8 levels left

rFire   . . .      SeeInvis .   v - +0 arbalest {crossbow}
rCold   . . .      Faith    .   (shield currently unavailable)
rNeg    . . .      Spirit   .   a - +0 robe
rPois   .          Reflect  .   (no helmet)
rElec   .          Harm     .   (no cloak)
rCorr   .          Rampage  .   (no gloves)
Will    +....                   (no boots)
Stlth   ++........              (no amulet)
HPRegen 0.10/turn               r - ring of willpower
MPRegen 0.11/turn               (no ring)

@: no status effects
A: no striking features
a: Renounce Religion, Receive Corpses


You were on level 3 of the Dungeon.
You worshipped Kikubaaqudgha.
Kikubaaqudgha was pleased with you.
You visited 1 branch of the dungeon, and saw 3 of its levels.

You collected 68 gold pieces.


   Skills:
 - Level 2.0 Dodging
 - Level 2.0 Stealth
 + Level 2.8 Spellcasting
 - Level 1.0 Conjurations
 + Level 1.6 Necromancy
 + Level 3.8 Air Magic


You had one spell level left.
You knew the following spells:

 Your Spells              Type           Power      Damage    Failure   Level
a - Shock                 Conj/Air       44%        1d5       6%          1
b - Sublimation of Blood  Necr           8%         N/A       13%         2
c - Summon Small Mammal   Summ           8%         N/A       17%         1
d - Swiftness             Air            16%        N/A       11%         3

Your spell library contained the following spells:

 Spells                   Type           Power      Damage    Failure   Level
 Animate Skeleton         Necr           16%        N/A       9%          1
 Apportation              Tloc           4%         N/A       17%         1
 Corpse Rot               Necr/Air       24%        N/A       9%          2
 Static Discharge         Conj/Air       11%        N/A       10%         2
 Vampiric Draining        Necr           8%         2d6       26%         3
 Airstrike                Air            8%         N/A       34%         4

Inventory:

Hand Weapons
 e - a +0 club {mace}
   (You took it off a goblin on level 1 of the Dungeon)
 f - a +0 dagger {short}
   (You took it off a kobold on level 1 of the Dungeon)
 l - a +0 dagger {short}
   (You took it off a goblin on level 1 of the Dungeon)
 o - a +0 whip {mace}
   (You found it on level 1 of the Dungeon)
 v - a +0 arbalest (weapon) {crossbow}
   (You found it on level 2 of the Dungeon)
 w - a +2 dagger of holy wrath {short}
   (You took it off an orc on level 2 of the Dungeon)
Missiles
 g - 91 stones {throwing}
 m - 2 silver boomerangs {throwing}
 x - 3 boomerangs {throwing}
Armour
 a - a +0 robe (worn)
Jewellery
 r - a ring of willpower (left hand)
   (You found it on level 2 of the Dungeon)
 s - an amulet of guardian spirit
   (You found it on level 2 of the Dungeon)
Scrolls
 d - 3 scrolls of vulnerability {unknown}
 h - a scroll of identify {unknown}
 i - a scroll of fear {unknown}
 k - 2 scrolls of magic mapping {unknown}
 p - a scroll of amnesia {unknown}
 q - a scroll of silence {unknown}
Potions
 b - a potion of magic
 c - a potion of attraction {unknown}
 j - a potion of flight {unknown}
 n - 2 potions of cancellation {unknown}
 t - a potion of experience {unknown}
 u - a potion of lignification {unknown}

Dungeon Overview and Level Annotations

Branches:
Dungeon (3/15)

Altars:
Kikubaaqudgha
Qazlal

Shops:
D:1

? ... .# ..#.. .. .
..#.# .# ^# ..#)# .#
... #.#.# .# ....
#.#g# .#.....
#.#o##.^..[_.
#.#o.@.# ##...#K.# ##
##....##.# .##
##...#.# [# 8.##
##.8....##..
...#####............
......).......#######
.#...###.####.#
.#..## #.# .#


You could see an orc wizard, an orc and a kobold.


Message History

Where to? (Enter - D:2 @ (x,y), ? - help)
There is a stone staircase leading down here.
You climb downwards.
There is a stone staircase leading up here.
Key pressed, stopping travel.
Unknown command.
Unknown command.
Found a stone staircase leading up.
g - 75 stones {throwing} (gained 24)
g - 91 stones {throwing} (gained 16)
You see here a +0 long sword {long}.
Key pressed, stopping explore.
A giant cockroach comes into view.
A giant cockroach is nearby!
Shoot: v) +0 arbalest {crossbow}
Press: ? - help, Q - select action, (/) - cycle Shift-Dir - straight line, f - giant cockroach
Aim: a giant cockroach (wandering, hasn't noticed you, 52% to hit)
You shoot a bolt. The bolt hits the giant cockroach!
You kill the giant cockroach!
Kikubaaqudgha accepts your kill.
Found a pair of glowing boots.
Found a pair of runed boots.
Found a stormy altar of Qazlal.
An orc comes into view. It is wielding a +0 war axe.
An orc is nearby!
An orc is nearby!
Shoot: v) +0 arbalest {crossbow}
Press: ? - help, Q - select action, (/) - cycle Shift-Dir - straight line, f - orc
Aim: an orc, wielding a +0 war axe, wearing a +0 ring mail and quivering stones (wandering, hasn't noticed you, 56% to hit)
You shoot a bolt. The bolt barely misses the orc.
The orc shouts!
You hear a shout!
A kobold comes into view.
It is wielding a +0 whip and quivering poisoned darts.
The orc throws a stone.
The stone misses you.
Shoot: v) +0 arbalest {crossbow}
Press: ? - help, Q - select action, (/) - cycle Shift-Dir - straight line, f/p - orc
Aim: an orc, wielding a +0 war axe, wearing a +0 ring mail and quivering stones (56% to hit)
You shoot a bolt.
The bolt hits the orc but does no damage.
The kobold throws a poisoned dart.
The poisoned dart closely misses you.
The orc throws a stone.
The stone hits you. 😕 HP[-2]
You take 2 damage, and now have 28/30 hp.
Shoot: v) +0 arbalest {crossbow}
Press: ? - help, Q - select action, (/) - cycle Shift-Dir - straight line, f/p - orc
Aim: an orc, wielding a +0 war axe, wearing a +0 ring mail and quivering stones (56% to hit)
You shoot a bolt. The bolt hits the orc.
The orc throws a stone.
The stone closely misses you.
The kobold throws a poisoned dart.
The poisoned dart misses you.
Shoot: v) +0 arbalest {crossbow}
Press: ? - help, Q - select action, (/) - cycle Shift-Dir - straight line, f/p - orc
Aim: an orc, wielding a +0 war axe, wearing a +0 ring mail and quivering stones (almost dead, 56% to hit)
You shoot a bolt. The bolt hits the orc.
You kill the orc!
Kikubaaqudgha accepts your kill.
An orc wizard comes into view. It is wielding a +0 hand axe.
The kobold closely misses you.
A goblin comes into view. It is wielding a +0 club.
Shoot: v) +0 arbalest {crossbow}
Press: ? - help, Q - select action, (/) - cycle Shift-Dir - straight line, f - kobold
Aim: a kobold, wielding a +0 whip and quivering poisoned darts (43% to hit)
You shoot a bolt. The bolt closely misses the kobold.
The orc wizard shouts!
You hear a shout!
The kobold hits you with a +0 whip. 😕 HP[-3]
You take 3 damage, and now have 25/30 hp.
Shoot: v) +0 arbalest {crossbow}
Press: ? - help, Q - select action, (/) - cycle Shift-Dir - straight line, f/p - kobold
Aim: a kobold, wielding a +0 whip and quivering poisoned darts (43% to hit)
You shoot a bolt. The bolt barely misses the kobold.
The kobold hits you with a +0 whip. The kobold barely misses you. 😮 HP[-5]
You take 5 damage, and now have 20/30 hp.
Shoot: v) +0 arbalest {crossbow}
Press: ? - help, Q - select action, (/) - cycle Shift-Dir - straight line, f/p - kobold
Aim: a kobold, wielding a +0 whip and quivering poisoned darts (43% to hit)
You shoot a bolt. The bolt barely misses the kobold.
The kobold hits you with a +0 whip.
The kobold hits you but does no damage. 😮 HP[-2]
You take 2 damage, and now have 18/30 hp.
Casting: Shock (safe; 6% risk of failure)
Confirm with . or Enter, or press ? or * to list all spells.
Aiming: Shock (safe; 6% risk of failure)
Press: ? - help, Shift-Dir - straight line, f - goblin, p - kobold
Aim: a goblin, wielding a +0 club (60% to hit)
The zap hits the orc wizard.
The zap misses the goblin.
The kobold misses you.
An orc comes into view. It is wielding a +0 club.
The orc wizard points at you and mumbles some strange words.
The magic dart hits you!
* * * LOW HITPOINT WARNING * * *
😨 HP[-10] MP[-1]
You take 10 damage, and now have 8/30 hp.
MASSIVE DAMAGE!! (PAUSE)
You lost 1 mp, and now have 7/8 mp.
The orc wizard attacks as you move away!
The orc wizard misses you. The kobold barely misses you.
The orc wizard casts a spell at you. The puff of flame hits you!
You die...
Kikubaaqudgha rasps: "You have failed me!
Welcome... death!"

Skill      XL: |  1  2  3 |
---------------+----------+-----
Necromancy     | 1 |  1.6
Dodging        | |  2.0
Stealth        | |  2.0
Spellcasting   | |  2.8
Conjurations   | |  1.0
Air Magic      | |  3.8

Action                   |  1- 3 |  4- 6 || total
-------------------------+-------+-------++-------
Melee: Unarmed           |     4 |       ||     4
       Whip              |    10 |       ||    10
 Fire: Arbalest          |     5 |    15 ||    20
 Cast: Shock             |    79 |     1 ||    80
Armor: Robe              |    11 |     1 ||    12
Dodge: Dodged            |    24 |     9 ||    33

Levels and vault maps discovered:
D:1:      roderic_dead_forest, layout_rooms, ebering_ecumenical_altar_abandoned,
          serial_shops, nicolae_shop_advertising_works
          [nicolae_subvault_shop_adworks], roderic_lattice_a
D:2:      layout_loops_ring
D:3:      layout_rooms, lemuel_tele_altar, nicolae_overflow_ecumenical_swirl,
          mainiacjoe_overflow_brackets, mainiacjoe_overflow_paths,
          corner_web_ring

Notes
Turn   | Place    | Note
-------+----------+-------------------------------------------
     0 | D:1      | spaghetti the Human Air Elementalist began the quest for
                  | the Orb.
     0 | D:1      | Reached XP level 1. HP: 13/13 MP: 3/3
     0 | D:1      | magus.rc [v1.9.6]
    21 | D:1      | Found Qoxodgh's Magic Scroll Shop.
   176 | D:1      | Found a faded altar of an unknown god.
   247 | D:1      | Prayed at the altar of an unknown god.
   247 | D:1      | Became a worshipper of Kikubaaqudgha
   247 | D:1      | Reached * piety under Kikubaaqudgha
   247 | D:1      | You add the spells Animate Skeleton, Corpse Rot,
                  | Sublimation of Blood and Vampiric Draining to your library.
   247 | D:1      | Received a gift from Kikubaaqudgha
   367 | D:1      | Reached XP level 2. HP: 19/19 MP: 1/5
   373 | D:1      | You pick up a book of Cantrips and begin reading...
   373 | D:1      | You add the spells Summon Small Mammal and Apportation to
                  | your library.
   377 | D:1      | Learned a level 2 spell: Sublimation of Blood
   732 | D:1      | Learned a level 1 spell: Summon Small Mammal
   793 | D:1      | Reached XP level 3. HP: 24/24 MP: 0/6
   916 | D:2      | Reached skill level 1 in Necromancy
  1471 | D:2      | HP: 4/24 [worm (5)]
  1912 | D:2      | Learned a level 3 spell: Swiftness
  2306 | D:2      | Reached ** piety under Kikubaaqudgha
  2321 | D:2      | Reached XP level 4. HP: 30/30 MP: 5/8
  2642 | D:3      | Found a stormy altar of Qazlal.
  2651 | D:3      | Killed from afar by an orc wizard

Vanquished Creatures
  2 adders (D:2)
  A dart slug (D:1)
  A worm (D:2)
  4 orcs
  3 ball pythons (D:1)
  2 endoplasms (D:1)
  4 giant cockroaches
  3 goblins
  2 hobgoblins (D:1)
  5 bats
  4 frilled lizards
  5 kobolds
  5 rats
41 creatures vanquished.

Table legend:
 A = Non-vault XP
 B = Vault XP
 C = Vault XP percentage of total XP
 D = Non-vault monster count
 E = Vault monster count
 F = Vault count percentage of total count
                 A         B        C        D         E       F
            +---------+---------+-------+---------+---------+-------
      Total |      96 |       0 |   0.0 |      41 |       0 |   0.0
            +---------+---------+-------+---------+---------+-------
        D:1 |      35 |       0 |   0.0 |      22 |       0 |   0.0
        D:2 |      56 |       0 |   0.0 |      17 |       0 |   0.0
        D:3 |       5 |       0 |   0.0 |       2 |       0 |   0.0
            +---------+---------+-------+---------+---------+-------

Illustrated notes

Table legend:
 A = Kills in this place as a percentage of kills in entire the game.
 B = Kills by you in this place as a percentage of kills by you in the entire game.
 C = Kills by friends in this place as a percentage of kills by friends in the entire game.
 D = Other kills in this place as a percentage of other kills in the entire game.
 E = Experience gained in this place as a percentage of experience gained in the entire game.
 F = Experience gained in this place divided by the number of levels of this place that you have seen.
                   A       B       C       D       E      F
               +-------+-------+-------+-------+-------+----------------------
         Total | 100.0 | 100.0 |   N/A |   N/A | 100.0 |  32.0
       Dungeon | 100.0 | 100.0 |   N/A |   N/A | 100.0 |  32.0
               +-------+-------+-------+-------+-------+----------------------

Table legend: (Time is in decaauts)
 A = Elapsed time spent in this place.
 B = Non-inter-level travel time spent in this place.
 C = Inter-level travel time spent in this place.
 D = Time resting spent in this place.
 E = Time spent auto-exploring this place.
 F = Levels seen in this place.
 G = Mean time per level.
                   A        B        C        D        E       F      G
               +--------+--------+--------+--------+--------+-----+--------+
         Total |   2668 |   2586 |     82 |    523 |   1749 |   3 |  889.3 |
       Dungeon |   2668 |   2586 |     82 |    523 |   1749 |   3 |  889.3 |
               +--------+--------+--------+--------+--------+-----+--------+

Top non-repeatable levels by time:
     D:1: 1572 daAuts
     D:2: 1046 daAuts
     D:3: 49 daAuts
